 Dungeon Crawl Stone Soup version 0.29.1-15-g9cfb28693d (webtiles) character file.

Game seed: 13200274600263543342

420 BlackCrag the Covered (level 6, -1/56 HPs)
             Began as a Minotaur Fighter on Mar 9, 2023.
             Succumbed to a scorpion's poison
             ... on level 4 of the Dungeon.
             The game lasted 00:09:26 (3671 turns).

BlackCrag the Covered (Minotaur Fighter)            Turns: 3671, Time: 00:09:26

Health: -1/56      AC:  7    Str: 22    XL:     6   Next: 62%
Magic:  5/5        EV:  9    Int:  5    God:
Gold:   301        SH:  9    Dex: 10    Spells: 5/5 levels left

rFire   + . .      SeeInvis .   a - +0 flail
rCold   . . .      Faith    .   c - +0 buckler
rNeg    . . .      Spirit   .   b - +0 scale mail
rPois   .          Reflect  +   (helmet restricted)
rElec   .          Harm     .   (no cloak)
rCorr   .          Rampage  .   (no gloves)
Will    .....                   (no boots)
Stlth   ..........              l - amulet of reflection
HPRegen 0.18/turn               p - ring of protection from fire
MPRegen 0.09/turn               (no ring)

@: lethally poisoned (-1 -> -8)
A: horns 2, retaliatory headbutt
a: no special abilities


You were on level 4 of the Dungeon.
You visited 1 branch of the dungeon, and saw 4 of its levels.

You collected 301 gold pieces.

Inventory:

Hand Weapons
 a - a +0 flail (weapon)
Missiles
 k - 2 curare-tipped darts (quivered)
 m - 2 poisoned darts
 q - 2 boomerangs
Armour
 b - a +0 scale mail (worn)
 c - a +0 buckler (worn)
Jewellery
 l - an amulet of reflection (around neck)
 p - a ring of protection from fire (left hand)
Scrolls
 e - a scroll of butterflies
 f - a scroll of enchant weapon {unknown}
 n - a scroll of teleportation {unknown}
Potions
 d - 2 potions of might
 h - a potion of brilliance {unknown}
 i - a potion of mutation {unknown}
 j - a potion of resistance {unknown}
 o - a potion of invisibility {unknown}


   Skills:
 * Level 5.1 Fighting
 * Level 5.4 Maces & Flails
 + Level 0.4 Throwing
 * Level 5.4 Armour
 + Level 1.2 Dodging
 + Level 4.8 Shields


You had 5 spell levels left.
You didn't know any spells.
Your spell library was empty.

Dungeon Overview and Level Annotations

Branches:
Dungeon (4/15)             Temple (0/1) D:4

Altars:
Fedhas
Gozag


Innate Abilities, Weirdness & Mutations

You have a pair of horns on your head.
You reflexively headbutt those who attack you in melee.


Message History

The scorpion poisons you!
You hit the scorpion but do no damage. You headbutt the scorpion.
The scorpion is severely wounded.
* * * LOW HITPOINT WARNING * * *
You feel very sick. You block the scorpion's attack.
You hit the scorpion but do no damage.
The scorpion is severely wounded.
* * * LOW HITPOINT WARNING * * *
You feel very sick. You block the scorpion's attack. x2
It was a potion of curing.
You feel better. You block the scorpion's attack.
You hit the scorpion but do no damage.
The scorpion is severely wounded.
The scorpion completely misses you.
You closely miss the scorpion.
The scorpion is severely wounded.
The scorpion misses you. The scorpion barely misses you.
You barely miss the scorpion.
You headbutt the scorpion, but do no damage.
The scorpion is severely wounded.
The scorpion stings you.
* * * LOW HITPOINT WARNING * * *
You are lethally poisoned!
The scorpion poisons you!
You barely miss the scorpion.
The scorpion is severely wounded.
* * * LOW HITPOINT WARNING * * *
You feel very sick. You block the scorpion's attack.
The scorpion stings you but does no damage.
Unknown command.
You hit the scorpion but do no damage.
The scorpion is severely wounded.
* * * LOW HITPOINT WARNING * * *
You feel sick.
The scorpion stings you but does no damage.
You closely miss the scorpion.
The scorpion is severely wounded.
You die...

##........##
#.......
#......######.......
###..... ...........
# ##...###
+#######'## ..#
#...# #.....
....#...### ##....
#......#.## ##...
##....#g.## ##..
#....@s55.## ##.
#..###.#g...####+###
# #.#.....#.....#
#.##....#..?..#
..###...'.?.$.+ #.#
##..#..!..# #.#
##.#.....# #.#
#####'### #.....##


You could see 2 lemures, a scorpion and 2 hobgoblins.

Vanquished Creatures
  Sigmund (D:4)
  A black bear (D:4)
  A necrophage (D:3)
  An iguana (D:4)
  An adder (D:3)
  An ufetubus (D:4)
  2 worms
  A dart slug (D:2)
  2 orcs
  7 ball pythons
  4 endoplasms
  4 giant cockroaches
  7 goblins
  4 hobgoblins
  9 jackals (D:2)
  2 quokkas (D:2)
  3 bats
  3 frilled lizards
  6 kobolds
  4 rats
64 creatures vanquished.

Notes
Turn   | Place    | Note
-------+----------+-------------------------------------------
     0 | D:1      | BlackCrag the Minotaur Fighter began the quest for the Orb.
     0 | D:1      | Reached XP level 1. HP: 19/19 MP: 0/0
   314 | D:1      | Reached XP level 2. HP: 24/27 MP: 1/1
  1167 | D:2      | Found a blossoming altar of Fedhas.
  1598 | D:2      | Reached XP level 3. HP: 27/33 MP: 2/2
  2370 | D:3      | Noticed a necrophage
  2393 | D:3      | Killed a necrophage
  2394 | D:3      | Reached XP level 4. HP: 25/41 MP: 3/3
  2516 | D:3      | Found an opulent altar of Gozag.
  3091 | D:4      | Reached XP level 5. HP: 47/47 MP: 4/4
  3133 | D:4      | Noticed a black bear
  3156 | D:4      | Killed a black bear
  3157 | D:4      | Reached skill level 5 in Armour
  3157 | D:4      | Reached skill level 1 in Dodging
  3342 | D:4      | Noticed Sigmund
  3355 | D:4      | Killed Sigmund
  3356 | D:4      | Reached skill level 5 in Fighting
  3356 | D:4      | Reached skill level 5 in Maces & Flails
  3356 | D:4      | Reached XP level 6. HP: 34/56 MP: 5/5
  3600 | D:4      | Found a staircase to the Ecumenical Temple.
  3670 | D:4      | HP: 1/56 [poisoned by a scorpion]
  3671 | D:4      | Succumbed to a scorpion's poison

Illustrated notes

Levels and vault maps discovered:
D:1:      dpeg_arrival_snail, layout_basic
D:2:      minmay_chambers_of_ones, layout_basic, basic_altar
D:3:      layout_loops_ring, lemuel_doored_altar, grunt_ministairs_1,
          chequers_serial_rivers_room_b, dreamdust_wishing_well
D:4:      layout_cave_pods, temple_hall, minmay_quadrilaterals, uniq_sigmund,
          uniq_blork_the_orc, uniq_pikel

Skill      XL: |  1  2  3  4  5 |
---------------+----------------+-----
Armour         | 4 5 |  5.4
Fighting       | 4 5 |  5.1
Maces & Flails | 3 4 5 |  5.4
Shields        | 4 |  4.8
Dodging        | 1 |  1.2
Throwing       | |  0.4

Action                   |  1- 3 |  4- 6 || total
-------------------------+-------+-------++-------
Melee: Flail             |   118 |    58 ||   176
       Headbutt          |    11 |     8 ||    19
Throw: Dart              |       |     5 ||     5
  Use: Scroll            |       |     4 ||     4
       Potion            |       |     1 ||     1
Armor: Scale mail        |    64 |    31 ||    95
Dodge: Dodged            |    74 |    33 ||   107
Block: Buckler           |    31 |    59 ||    90
